 Dungeon Crawl Stone Soup version 0.20.0-15-g7f486f2 (webtiles) character file.

471 vishdafish the Slasher (level 6, -3/53 HPs)
             Began as a Minotaur Fighter on June 17, 2017.
             Killed from afar by an orc wizard (5 damage)
             ... with a magic dart
             ... on level 4 of the Dungeon.
             The game lasted 00:16:37 (2737 turns).

vishdafish the Slasher (Minotaur Fighter)           Turns: 2737, Time: 00:16:38

Health: -3/53      AC:  7    Str: 21    XL:     6   Next: 83%
Magic:  5/5        EV:  8    Int:  5    God:
Gold:   214        SH:  9    Dex: 11    Spells: 5/5 levels left

rFire    . . .     SeeInvis .   a - +1 long sword
rCold    . . .     Gourm    .   c - +0 shield
rNeg     . . .     Faith    .   n - +0 scale mail
rPois    .         Spirit   .   (helmet restricted)
rElec    .         Reflect  .   (no cloak)
rCorr    .         Harm     .   (no gloves)
MR       +....                  (no boots)
Stlth    ..........             (no amulet)
Regen    0.2/turn               l - ring of protection from magic
MPRegen  0.1/turn               (no ring)

@: about to teleport, drained, very slow
A: retaliatory headbutt, horns 2
a: no special abilities


You were on level 4 of the Dungeon.
You were not hungry.

You visited 1 branch of the dungeon, and saw 4 of its levels.

You collected 214 gold pieces.

Inventory:

Hand Weapons
 a - a +1 long sword (weapon)
 g - a +2 dagger of flaming
 u - a +0 blowgun
Missiles
 v - 15 poisoned needles
Armour
 b - a +0 scale mail
 c - a +0 shield (worn)
 h - a +0 scale mail
 m - a +0 ring mail
 n - a +0 scale mail (worn)
Jewellery
 l - a ring of protection from magic (left hand)
Scrolls
 k - a scroll of teleportation
 q - a scroll of enchant weapon
 r - a scroll of recharging
Potions
 d - a potion of might
 e - a potion of invisibility
 i - a potion of experience {unknown}
 o - a potion of lignification {unknown}
 p - a potion of heal wounds {unknown}
 s - a potion of resistance {unknown}
 t - 2 potions of curing {unknown}
 x - a potion of cancellation {unknown}
Comestibles
 f - 3 bread rations
 j - 3 meat rations
 w - a royal jelly


   Skills:
 + Level 4.7(3.8) Fighting
 + Level 5.6(4.7) Long Blades
 + Level 5.3(4.4) Armour
 * Level 3.1(2.2) Dodging
 + Level 4.5(3.6) Shields


You had 5 spell levels left.
You didn't know any spells.

Dungeon Overview and Level Annotations

Branches:
Dungeon (4/15)
 Temple: D:4-7

Altars:
Gozag
Kikubaaqudgha
Okawaru


Innate Abilities, Weirdness & Mutations

You reflexively headbutt those who attack you in melee.
You have a pair of horns on your head.


Message History

The orc wizard casts a spell at you. The magic dart hits you!
The orc priest invokes the aid of Beogh against you.
Beogh smites you!
Your unstable footing causes you to fumble your attack.
The orc wizard casts a spell.
The orc wizard blinks!
The orc priest calls down the wrath of Beogh upon you.
Beogh smites you!
* * * LOW HITPOINT WARNING * * *
You block the orc's attack.
The orc wizard points at you and mumbles some strange words.
The magic dart hits you!
* * * LOW HITPOINT WARNING * * *
As you read the scroll of teleportation, it crumbles to dust.
You feel strangely unstable.
The orc wizard is no longer moving quickly.
The orc wizard casts a spell at you. The magic dart hits you!
You die...

...........# .# .#
#.<..####### ###.# #
#.#### ....# #.# ....#
#.# ########.#.##### #.#
#....##......... #.#
#.#._.....⌠....# #.#
#.#.≈..o.....# #.#
#.#..≈≈@≈o≈).# #.#
#.##...≈≈≈...# # #.#####
#.##..≈≈≈≈...# ....
#.[...# #.#....≈≈≈......
....
#####.####...⌠........#.#
##.#
#..............o..#.#
################### . #


You could see an orc priest, an orc wizard and an orc.

Vanquished Creatures
  The ghost of Vajrapani the Caller, a novice BaSu of Sif Muna (D:4)
  The ghost of vishdafish the Skirmisher, a weakling DsAK of Lugonu (D:3)
  A worker ant (D:4)
  2 adders
  3 gnolls (D:3)
  2 oozes
  4 worms
  2 dart slugs
  2 leopard geckos
  3 orcs
  7 giant cockroaches
  11 goblins
  6 hobgoblins
  2 jackals (D:2)
  11 kobolds
  A quokka (D:2)
  A ball python (D:4)
  6 bats
  7 frilled lizards
  9 rats
82 creatures vanquished.

Notes
Turn   | Place    | Note
-------+----------+-------------------------------------------
     0 | D:1      | vishdafish the Minotaur Fighter began the quest for the Orb.
     0 | D:1      | Reached XP level 1. HP: 19/19 MP: 0/0
   192 | D:1      | Reached XP level 2. HP: 26/27 MP: 1/1
   467 | D:1      | Reached XP level 3. HP: 33/33 MP: 2/2
  1159 | D:2      | Reached skill level 1 in Dodging
  1192 | D:2      | Reached XP level 4. HP: 40/40 MP: 3/3
  1566 | D:3      | Found an opulent altar of Gozag.
  1637 | D:3      | Noticed vishdafish's ghost (weakling DsAK)
  1647 | D:3      | Killed vishdafish's ghost
  1811 | D:3      | Reached XP level 5. HP: 31/46 MP: 4/4
  2217 | D:4      | Noticed Vajrapani's ghost (novice BaSu)
  2223 | D:4      | Found an iron altar of Okawaru.
  2244 | D:4      | Killed Vajrapani's ghost
  2244 | D:4      | Reached skill level 5 in Long Blades
  2244 | D:4      | Reached skill level 5 in Armour
  2244 | D:4      | Reached XP level 6. HP: 23/53 MP: 5/5
  2702 | D:4      | Found an ancient bone altar of Kikubaaqudgha.
  2736 | D:4      | HP: 2/53 [orc wizard/magic dart (11)]
  2737 | D:4      | Killed from afar by an orc wizard

Skill      XL: |  1  2  3  4  5  6 |
---------------+-------------------+-----
Long Blades    | 3 4 5 |  5.6
Fighting       | 4 |  4.7
Armour         | 4 5 |  5.3
Shields        | 4 |  4.5
Dodging        | 1 2 3 |  3.1

Action                   |  1- 3 |  4- 6 || total
-------------------------+-------+-------++-------
Melee: Long sword        |    75 |   101 ||   176
       Headbutt          |    16 |    22 ||    38
 Fire: Blowgun           |       |     4 ||     4
  Use: Scroll            |     4 |     3 ||     7
       Potion            |     1 |       ||     1
  Eat: Bread ration      |     1 |       ||     1
       Meat ration       |       |     1 ||     1
Armor: Scale mail        |    34 |    51 ||    85
Dodge: Dodged            |    33 |    41 ||    74
Block: Shield            |    44 |    62 ||   106
       Rpst.: Long sword |    12 |    11 ||    23
